Map: Neon Violet Square LE

Players

INnoVation - Winner!

  • Race: Terran Terran
  • Spawn Location: 5:00

Solar

  • Race: Zerg Zerg
  • Spawn Location: 11:00

Event: IEM Season 12 - Katowice

VOD

Have the link to the VOD?

Description

Time

  • Played on: March 1, 2018, 12:10 p.m.
  • Length: 11:10

All games in this series

Show
View Real Time Build Order
Export as new Build Order

INnoVation Terran - Winner!

Build Orders: Reaper Expand, Bio Tank, Hellion Banshee 

Get SALT Encoding   

  12  0:00  SCV  
  13  0:12  SCV  
  14  0:18  Supply Depot  
  14  0:24  SCV  
  15  0:39  SCV  
  15  0:40  Barracks  
  16  0:44  Refinery  
  16  0:52  SCV  
  17  1:04  SCV  
  18  1:16  SCV  
  19  1:27  Reaper  
  19  1:28  Orbital Command  
  20  1:41  Command Center  
  20  1:49  Supply Depot  
  20  1:53  SCV  
  21  1:59  Marine  
  22  2:05  SCV  
  23  2:09  Factory  
  23  2:15  Refinery  
  23  2:18  SCV  
  23  2:21  Barracks Reactor  
  24  2:30  SCV  
  25  2:42  SCV  
  26  2:53  Starport  
  26  2:54  SCV, Orbital Command  
  27  3:00  Hellion  
  27  3:01  Hellion  
  27  3:03  Barracks Tech Lab  
  31  3:06  SCV  
  32  3:18  SCV  
  32  3:19  SCV  
  34  3:22  Hellion  
  34  3:24  Supply Depot  
  36  3:30  SCV  
  36  3:31  SCV  
  38  3:35  Medivac  
  38  3:39  Armory  
  40  3:42  Hellion  
  40  3:43  Hellion, SCV  
  40  3:44  SCV  
  46  3:49  Supply Depot  
  46  3:54  Cloaking Field  
  46  3:57  SCV x2  
  46  4:02  Supply Depot  
  48  4:04  Hellion  
  48  4:06  Hellion  
  52  4:11  SCV x2  
  52  4:15  Banshee  
  52  4:16  Barracks Tech Lab  
  57  4:26  Hellion  
  57  4:27  Hellion  
  57  4:29  SCV  
  57  4:30  SCV  
  63  4:42  SCV x2, Stimpack  
  65  4:47  Hellion  
  65  4:48  Hellion  
  69  4:58  Command Center  
  69  5:00  SCV  
  70  5:14  Hellion x2  
  70  5:15  SCV, Marine, Hellion x3  
  70  5:17  Supply Depot, SCV, Banshee  
  66  5:21  Engineering Bay  
  66  5:22  Engineering Bay  
  66  5:27  SCV  
  67  5:33  Marine  
  65  5:38  SCV  
  65  5:39  SCV  
  65  5:41  Factory Reactor  
  67  5:44  Barracks  
  67  5:45  Command Center, Barracks  
  67  5:48  Refinery  
  67  5:49  Refinery  
  67  5:51  SCV x2  
  67  5:57  Terran Infantry Armor Level 1, Terran Infantry Weapons Level 1  
  69  6:01  Marine  
  71  6:04  SCV x2  
  71  6:09  Supply Depot  
  72  6:13  Starport Reactor  
  72  6:18  Marine  
  72  6:21  SCV x2  
  72  6:24  Barracks  
  72  6:25  Barracks  
  69  6:33  SCV x2  
  69  6:35  Marine x2  
  70  6:43  Siege Tank, Marine x3, Combat Shields  
  72  6:47  SCV x2  
  72  6:53  Medivac x2  
  78  7:01  SCV x2  
  77  7:08  Marine x5  
  78  7:14  Barracks Reactor x2  
  78  7:15  SCV x2, Siege Tank  
  86  7:20  Supply Depot x2  
  86  7:27  SCV x2, Orbital Command  
  86  7:29  Marine x5  
  93  7:39  SCV x2, Refinery  
  93  7:40  Refinery  
  93  7:41  Factory  
  95  7:47  Siege Tank, Marine x5  
  95  7:51  SCV  
  108  7:52  SCV  
  108  7:54  SCV  
  108  7:56  Marine  
  108  7:57  Marine x2  
  108  7:58  Supply Depot  
  113  8:01  Terran Infantry Weapons Level 2  
  113  8:03  SCV, Terran Infantry Armor Level 2  
  113  8:04  SCV  
  111  8:07  SCV  
  110  8:13  Marine, Marauder  
  110  8:14  Marine x4  
  110  8:16  Supply Depot  
  110  8:18  Marine  
  110  8:19  Marine  
  118  8:20  SCV x3  
  118  8:24  Siege Tank  
  123  8:31  Marine, Factory Tech Lab  
  123  8:32  SCV x2  
  125  8:35  Supply Depot x2, Marine  
  125  8:36  Command Center  
  125  8:39  Terran Vehicle And Ship Armor Level 1  
  124  8:50  Supply Depot  
  124  8:51  Supply Depot  
  124  8:56  Marine x3  
  124  8:57  Siege Tank, Marine x5, Medivac x2, Marauder  
  140  9:11  Siege Tank  
  140  9:14  Marine x7  
  140  9:15  Supply Depot  
  140  9:16  Supply Depot  
  150  9:18  SCV, Marauder  
  150  9:19  SCV x2  
  155  9:26  Marine  
  155  9:27  Medivac x2  
  155  9:29  Siege Tank  
  163  9:32  Marine x2  
  163  9:36  Marine  
  163  9:37  SCV x3  
  163  9:38  Supply Depot  
  169  9:43  Siege Tank  
  171  9:49  SCV, Planetary Fortress  
  171  9:52  Command Center  
  172  9:53  Marine  
  172  9:54  Marine  
  172  9:56  Marine x2  
  172  9:57  Medivac x2  
  169  10:09  Marine x3, Marauder  
  169  10:10  Marine  
  169  10:11  Marine  
  169  10:14  Marine x3  
  168  10:26  Siege Tank  
  168  10:27  Marine x3  
  174  10:30  Marine, Refinery  
  174  10:31  Marauder, Marine, Refinery  
  174  10:32  Marine x2  
  180  10:39  Marine  
  176  10:45  Marine x3  
  176  10:48  Marine  
  176  10:49  Marine  
  170  10:50  Marine x2  
Show
View Real Time Build Order
Export as new Build Order

Solar Zerg 

Build Orders: Hatch First, Roach Hydra 

Get SALT Encoding   

  12  0:01  Drone  
  13  0:13  Overlord  
  13  0:17  Drone  
  14  0:32  Drone x2  
  14  0:35  Drone  
  17  0:52  Hatchery  
  17  0:55  Drone  
  17  0:58  Drone  
  17  1:03  Extractor  
  17  1:14  Spawning Pool  
  17  1:18  Drone  
  17  1:21  Drone  
  18  1:28  Drone  
  19  1:43  Drone  
  20  1:50  Overlord  
  20  2:01  Queen  
  22  2:03  Queen  
  22  2:04  Zergling x4  
  26  2:09  Metabolic Boost  
  26  2:27  Hatchery  
  26  2:29  Drone  
  26  2:33  Drone  
  26  2:35  Drone  
  28  2:44  Queen  
  28  2:47  Drone  
  28  2:50  Drone  
  32  2:54  Overlord  
  32  2:58  Drone  
  33  3:01  Drone  
  33  3:03  Drone  
  35  3:09  Drone  
  35  3:14  Drone x3  
  35  3:17  Drone x2  
  40  3:21  Overlord  
  40  3:26  Drone  
  41  3:29  Drone  
  42  3:39  Drone  
  42  3:40  Drone  
  44  3:41  Queen  
  44  3:42  Queen  
  48  3:49  Drone  
  48  3:51  Zergling x8  
  48  3:53  Overlord  
  48  3:55  Drone  
  54  3:58  Overlord  
  54  4:05  Roach Warren, Overlord  
  53  4:11  Overlord  
  53  4:13  Drone x3  
  53  4:14  Drone  
  53  4:16  Drone  
  58  4:20  Drone  
  58  4:21  Zergling x2  
  58  4:22  Spore Crawler  
  58  4:23  Zergling x2  
  60  4:28  Queen  
  61  4:32  Lair  
  61  4:34  Drone  
  61  4:36  Drone  
  63  4:39  Extractor x2  
  63  4:42  Spore Crawler, Drone  
  63  4:43  Drone x2  
  63  4:46  Roach  
  63  4:47  Roach  
  63  4:50  Roach  
  63  4:52  Roach  
  71  5:02  Overlord  
  71  5:03  Roach x2  
  71  5:05  Overlord  
  75  5:12  Overlord  
  71  5:25  Drone  
  71  5:26  Drone  
  71  5:27  Drone x4  
  77  5:28  Drone  
  77  5:29  Drone  
  77  5:31  Drone x2  
  77  5:32  Drone  
  79  5:41  Drone x2  
  78  5:43  Spore Crawler  
  78  5:47  Drone x2  
  78  5:49  Extractor  
  78  5:50  Overseer  
  78  5:51  Queen  
  78  5:55  Roach  
  78  5:56  Zergling x2  
  83  5:59  Extractor x2, Overlord  
  83  6:00  Drone x3  
  83  6:03  Roach  
  86  6:06  Drone  
  86  6:08  Glial Reconstitution  
  86  6:10  Evolution Chamber  
  86  6:11  Zergling x2  
  86  6:12  Zergling x8  
  79  6:20  Zergling x8  
  79  6:22  Zergling x2  
  79  6:25  Drone  
  85  6:29  Drone x3  
  84  6:34  Drone x2  
  85  6:43  Drone x5, Spire  
  87  6:48  Drone x2  
  87  6:49  Drone  
  91  6:54  Drone x2  
  91  6:58  Drone  
  91  6:59  Drone  
  91  7:00  Overlord  
  91  7:02  Drone  
  91  7:04  Drone  
  91  7:06  Drone  
  90  7:13  Drone x3  
  93  7:16  Zerg Ground Armor Level 1  
  93  7:18  Evolution Chamber  
  93  7:19  Drone x4  
  93  7:20  Drone  
  98  7:25  Drone  
  99  7:35  Hatchery  
  98  7:38  Roach  
  98  7:39  Roach x5  
  98  7:42  Infestation Pit  
  98  7:43  Roach x2  
  113  7:46  Roach x2  
  113  7:51  Roach x2  
  120  7:52  Ravager  
  120  7:53  Ravager  
  120  7:56  Overlord  
  120  7:57  Overlord  
  122  8:00  Hydralisk Den  
  122  8:02  Ravager, Overlord  
  122  8:03  Overlord  
  122  8:08  Overlord  
  122  8:10  Overlord  
  121  8:13  Overlord  
  121  8:16  Zerg Missile Weapons Level 1  
  121  8:17  Drone x4  
  121  8:18  Drone  
  125  8:24  Roach x3  
  125  8:28  Drone x2  
  125  8:29  Drone x2  
  127  8:34  Hive  
  127  8:38  Grooved Spines  
  127  8:40  Ravager  
  127  8:41  Roach  
  130  8:44  Extractor  
  130  8:45  Hydralisk  
  130  8:46  Hydralisk  
  133  8:49  Extractor  
  133  8:50  Hydralisk x2  
  133  8:55  Hydralisk x2  
  140  8:58  Hydralisk  
  142  9:03  Overlord  
  142  9:05  Hydralisk x3  
  148  9:12  Drone x5  
  148  9:14  Queen  
  148  9:15  Drone  
  156  9:19  Hydralisk x2  
  160  9:32  Hydralisk  
  160  9:33  Spire  
  160  9:34  Hydralisk  
  163  9:38  Overlord  
  163  9:41  Hatchery  
  162  9:45  Hydralisk  
  162  9:46  Hydralisk  
  162  9:48  Ravager  
  162  9:49  Muscular Augments, Viper  
  162  9:50  Viper  
  171  9:53  Hydralisk  
  171  9:58  Hydralisk x2  
  171  9:59  Hydralisk  
  171  10:02  Hydralisk  
  171  10:04  Hydralisk  
  147  10:09  Roach  
  147  10:14  Hydralisk x2  
  143  10:22  Hydralisk  
  143  10:23  Roach, Hydralisk x2  
  143  10:26  Overlord  
  151  10:32  Roach x3  
  151  10:34  Extractor  
  151  10:35  Roach, Extractor  
  157  10:38  Roach  
  157  10:42  Roach x2  
  149  10:43  Roach  
  149  10:46  Roach x2  
  149  10:49  Roach  
  140  10:54  Overseer  
  122  11:04  Extractor  

Tags
 
Add a new tag
Caveats
  • Supply blocks, unpowered buildings, or Contaminate may cause inaccurate times.
  • Supply counts are checked every 10 seconds.